 Dungeon Crawl Stone Soup version 0.31.0-32-g396128a36d (webtiles) character file.

Game seed: 13523878264058151023

6817 PaiMei the Merchant of Misery (level 10, -26/80 HPs)
             Began as a Demonspawn Necromancer on Apr 19, 2024.
             Was a Believer of Kikubaaqudgha.
             Annihilated by an orc warlord
             ... wielding a +3 battleaxe
              (32 damage)
             ... in a bailey.
             The game lasted 00:16:46 (12639 turns).

PaiMei the Merchant of Misery (DsNe)               Turns: 12639, Time: 00:16:46

Health: -26/80     AC:  8    Str:  8    XL:     10   Next: 77%
Magic:  6/30       EV: 15    Int: 23    God:    Kikubaaqudgha [**....]
Gold:   404        SH:  0    Dex: 13    Spells: 11/24 levels left

rFire   . . .        n - +7 hand axe "Goblinslayer" {flame, rC+ rN+ Int-4}
rCold   + + .        (no shield)
rNeg    + . .        M - +2 robe {rC+}
rPois   .            c - +1 helmet
rElec   .            d - +0 cloak
rCorr   .            (no gloves)
SInv    .            D - +0 pair of boots
Will    .....        (no amulet)
Stlth   ++           t - ring of magical power
HPRegen 0.33/turn    m - +6 ring of intelligence
MPRegen 0.22/turn

%: no passive effects
@: no status effects
A: ignite blood 1, demonic magic 2, weakness stinger 2, demonic touch 2
a: Renounce Religion, Unearth Wretches


You were in a bailey.
You worshipped Kikubaaqudgha.
Kikubaaqudgha was pleased with you.
You visited 2 branches of the dungeon, and saw 11 of its levels.
You also visited: Bailey.

You collected 404 gold pieces.

Inventory:

Hand Weapons
 l - a +2 dagger of protection
 n - the +7 hand axe "Goblinslayer" (weapon) {flame, rC+ rN+ Int-4}
   (You took it off a gnoll on level 1 of the Dungeon)

   Int-4:     It affects your intelligence (-4).
   rC+:       It protects you from cold.
   rN+:       It protects you from negative energy.
 q - a +3 dagger of venom
 B - a +2 flail of draining
Missiles
 g - 16 poisoned darts (quivered)
 I - 2 curare-tipped darts
 J - a throwing net
 N - 4 atropa-tipped darts
Armour
 c - a +1 helmet (worn)
 d - a +0 cloak (worn)
 D - a +0 pair of boots (worn)
 E - a +0 kite shield
 M - a +2 robe of cold resistance (worn)
Jewellery
 j - a ring of see invisible
 m - a +6 ring of intelligence (right hand)
 t - a ring of magical power (left hand)
 A - a ring of wizardry
Wands
 w - a wand of polymorph (28)
 y - a wand of roots (4)
 O - a wand of flame (4)
Scrolls
 e - 4 scrolls of teleportation
 f - 2 scrolls of blinking {unknown}
 i - 7 scrolls of identify {unknown}
 o - 2 scrolls of noise {unknown}
 u - 2 scrolls of immolation {unknown}
 x - 2 scrolls of amnesia {unknown}
 z - a scroll of poison {unknown}
 H - a scroll of enchant armour {unknown}
 K - 2 scrolls of revelation {unknown}
 L - a scroll of vulnerability {unknown}
 Q - 2 scrolls of fear {unknown}
 R - a scroll of summoning {unknown}
 S - a scroll of acquirement {unknown}
 T - a scroll of fog {unknown}
Potions
 a - a potion of brilliance {unknown}
 b - 2 potions of magic
 h - a potion of invisibility {unknown}
 k - 4 potions of heal wounds {unknown}
 p - 5 potions of mutation {unknown}
 r - 2 potions of ambrosia {unknown}
 s - 4 potions of curing {unknown}
 v - a potion of haste {unknown}
 C - 2 potions of degeneration {unknown}
 F - a potion of attraction {unknown}
 G - 2 potions of enlightenment {unknown}
 P - a potion of resistance {unknown}


   Skills:
 + Level 7.8 Fighting
 + Level 7.8 Dodging
 - Level 3.0 Stealth
 + Level 7.9 Spellcasting
 + Level 10.2 Necromancy


You had 11 spell levels left.
You knew the following spells:

 Your Spells              Type           Power      Damage    Failure   Level
a - Necrotise             Necr           100%       1d9       1%          1
b - Vampiric Draining     Necr           54%        2d9       1%          3
c - Animate Dead          Necr           54%        N/A       1%          4
d - Curse of Agony        Necr           54%        N/A       3%          5

Your spell library contained the following spells:

 Spells                   Type           Power      Damage    Failure   Level
 Kiss of Death            Conj/Necr      100%       2d13      1%          1
 Sublimation of Blood     Necr           54%        N/A       1%          2
 Apportation              Tloc           18%        N/A       7%          1
 Sting                    Conj/Alch      36%        1d5       7%          1
 Summon Small Mammal      Summ           36%        N/A       7%          1
 Call Imp                 Summ           18%        N/A       11%         2
 Lesser Beckoning         Tloc           18%        N/A       11%         2
 Dazzling Flash           Conj/Hex       18%        N/A       22%         3
 Gell's Gravitas          Tloc           9%         N/A       22%         3
 Teleport Other           Tloc           9%         N/A       22%         3
 Tukima's Dance           Hex            9%         N/A       22%         3
 Volatile Blastmotes      Fire/Tloc      18%        2d11      22%         3
 Dimensional Bullseye     Hex/Tloc       4%         N/A       56%         4
 Iskenderun's Mystic Bla  Conj/Tloc      9%         2d4       56%         4
 Starburst                Conj/Fire      4%         6d4       100%        6
 Summon Hydra             Summ           4%         N/A       100%        7
 Maxwell's Capacitive Co  Air            4%         ∞         100%        8


Dungeon Overview and Level Annotations

Branches:
Dungeon (10/15)            Temple (1/1) D:7             Orc (0/2) D:9
 Bailey (1/1)
   Lair: D:8-11

Altars:
Ashenzari
Cheibriados
Dithmenos
Fedhas
Gozag
Hepliaklqana
Kikubaaqudgha
Makhleb
Nemelex Xobeh
Okawaru
Ru
Sif Muna
Trog
Uskayaw
Vehumet
Wu Jian
Xom
Yredelemnul

Portals:
Abyss: D:4

Annotations:
D:3 1 runed translucent door, Crazy Yiuf
D:4 2 transporters, Consumeair16's ghost, novice GnWn


Innate Abilities, Weirdness & Mutations

Your demonic aura sometimes causes spilled blood to erupt in flames.
Spells you cast may paralyse nearby enemies.
You have a tail ending in a sharp stinger.
Your touch may inflict irresistible damage on your foes.


Message History

The orc warlord hits you with a +3 battleaxe!!
* * * LOW HITPOINT WARNING * * *
Casting: Vampiric Draining (safe; 1% risk of failure)
Confirm with . or Enter, or press ? or * to list all spells.
Aiming: Vampiric Draining (safe; 1% risk of failure)
Press: ? - help, Shift-Dir - straight line, f/p - orc warlord
Aim: an orc warlord, wielding a +3 battleaxe and wearing a +0 plate armour (heavily wounded, cursed with the promise of agony)
You draw life force from the orc warlord!
You feel life coursing into your body. Malevolent energies surge around you.
The orc warlord suddenly stops moving!
The orc warlord is freed from its curse.
Casting: Vampiric Draining (safe; 1% risk of failure)
Confirm with . or Enter, or press ? or * to list all spells.
Aiming: Vampiric Draining (safe; 1% risk of failure)
Press: ? - help, Shift-Dir - straight line, f/p - orc warlord
Aim: an orc warlord, wielding a +3 battleaxe and wearing a +0 plate armour (severely wounded, paralysed)
You draw life force from the orc warlord.
You feel life coursing into your body. Malevolent energies surge around you.
The hobgoblin is no longer paralysed.
The hobgoblin hits you with a +0 hand axe.
The helpless orc warlord fails to defend itself.
You hit the orc warlord but do no damage.
You touch the orc warlord!
The orc warlord is almost dead.
You hit the hobgoblin but do no damage.
The orc warlord is no longer paralysed.
The orc warlord misses you. The hobgoblin closely misses you.
The orc warlord hits you with a +3 battleaxe!!
* * * LOW HITPOINT WARNING * * *
The hobgoblin hits you but does no damage.
Casting: Vampiric Draining (safe; 1% risk of failure)
Confirm with . or Enter, or press ? or * to list all spells.
Aiming: Vampiric Draining (safe; 1% risk of failure)
Press: ? - help, Shift-Dir - straight line, f/p - orc warlord
Aim: an orc warlord, wielding a +3 battleaxe and wearing a +0 plate armour (almost dead)
You draw life force from the orc warlord.
You feel life coursing into your body. Malevolent energies surge around you.
The hobgoblin suddenly stops moving!
The orc warlord hits you with a +3 battleaxe!!
You die...
Kikubaaqudgha rasps: "You have failed me!
Welcome... death!"

.....#~~)~~#..........#
8....'..)..)..........#
.(.#########......8...#
..##~~~#~~~####......##
..#~:.....~#~~#.....##
..#~!........~#....##
..##8.8...8.8~##...#
...#.........~~'.).#
...#....∩....~~g@))#
...#.........~~o...#
..##8.8...8.8~##.).#
..#~!........~#....##
(.#~[.....~#~~#.....##
..##~~~#~~~####......##
(..#########......8...#
8....'.....'..........#
.....#~~~~~#..........#


You could see an orc warlord and a hobgoblin (paralysed).

Vanquished Creatures
  A two-headed ogre (D:10)
  An orc knight (Bailey)
  Joseph (D:9)
  A hornet (D:7)
  Grinder (D:5)
  Sigmund (D:4)
  A steam dragon (D:9)
  2 wyverns
  2 wargs (D:9)
  2 acid dragons
  A water moccasin (D:6)
  5 orc warriors
  A sky beast (D:7)
  2 ice beasts
  A black bear (D:4)
  2 ogres (D:5)
  4 centaurs
  3 kobold brigands
  3 bullfrogs (D:7)
  2 gnoll sergeants
  2 scorpions
  13 killer bees
  2 howler monkeys (D:9)
  5 hounds
  2 gnoll boudas
  13 orc priests
  Jessica (D:3)
  A sleepcap (D:7)
  6 orc wizards
  20 gnolls
  5 adders
  2 orc zombies (Bailey)
  4 ufetubi
  4 dart slugs
  2 ribbon worms
  20 orcs
  4 bats
  4 endoplasms
  10 goblins
  12 hobgoblins
  25 kobolds
  6 quokkas
  3 ball pythons
  3 frilled lizards
  2 rats
208 creatures vanquished.

Vanquished Creatures (collateral kills)
  An orc warrior (Bailey)
  An orc wizard (D:3)
  A ribbon worm (D:4)
  2 orcs (Bailey)
  2 goblins
  A rat (D:3)
8 creatures vanquished.

Vanquished Creatures (others)
  A gnoll zombie (Bailey)
  A goblin zombie (Bailey)
  A kobold zombie (Bailey)
3 creatures vanquished.

Grand Total: 219 creatures vanquished

Notes
Turn   | Place    | Note
-------+----------+-------------------------------------------
     0 | D:1      | PaiMei the Demonspawn Necromancer began the quest for the
                  | Orb.
     0 | D:1      | Reached XP level 1. HP: 13/13 MP: 3/3
   425 | D:1      | Gained mutation: Spells you cast may paralyse adjacent
                  | enemies. [demonic ancestry]
   425 | D:1      | Reached XP level 2. HP: 18/19 MP: 1/5
  1507 | D:2      | Discovered your monstrous ancestry.
  1507 | D:2      | Gained mutation: You have a small tail. [demonic ancestry]
  1507 | D:2      | Reached XP level 3. HP: 24/24 MP: 2/6
  1511 | D:2      | Learned a level 3 spell: Vampiric Draining
  1757 | D:2      | Identified the +7 hand axe "Goblinslayer" {flame, rC+ rN+
                  | Int-4}
  1978 | D:2      | Reached XP level 4. HP: 30/30 MP: 1/7
  2538 | D:3      | Reached skill level 5 in Necromancy
  2643 | D:3      | Noticed Jessica
  2645 | D:3      | Killed Jessica
  2749 | D:3      | Gained mutation: Your touch may inflict minor irresistible
                  | damage on your foes. [demonic ancestry]
  2749 | D:3      | Reached XP level 5. HP: 35/35 MP: 3/9
  2997 | D:3      | Found a runed translucent door.
  2998 | D:3      | Noticed Crazy Yiuf
  3037 | D:3      | Found a sacrificial altar of Ru.
  3305 | D:4      | Reached skill level 1 in Fighting
  3318 | D:4      | Gained mutation: Your demonic aura sometimes causes spilled
                  | blood to erupt in flames. [demonic ancestry]
  3318 | D:4      | Reached XP level 6. HP: 16/43 MP: 2/11
  3711 | D:4      | Found a transporter.
  3748 | D:4      | Found a transporter.
  4100 | D:4      | Noticed Sigmund
  4106 | D:4      | Killed Sigmund
  4107 | D:4      | Reached skill level 6 in Necromancy
  4107 | D:4      | Reached XP level 7. HP: 51/51 MP: 5/12
  4572 | D:4      | Found a one-way gate to the infinite horrors of the Abyss.
  4572 | D:4      | Noticed Consumeair16's ghost (novice GnWn)
  4626 | D:5      | Entered Level 5 of the Dungeon
  4932 | D:5      | Gained mutation: You have a tail ending in a sharp stinger.
                  | [demonic ancestry]
  4932 | D:5      | Reached XP level 8. HP: 54/58 MP: 5/14
  5148 | D:5      | Noticed Grinder
  5364 | D:5      | Reached skill level 7 in Necromancy
  5473 | D:5      | Killed Grinder
  5474 | D:5      | Reached skill level 5 in Dodging
  5474 | D:5      | Reached skill level 5 in Spellcasting
  6928 | D:7      | Found a burning altar of Makhleb.
  6946 | D:7      | Reached skill level 5 in Fighting
  6948 | D:7      | Gained mutation: Your touch may inflict irresistible damage
                  | on your foes. [demonic ancestry]
  6948 | D:7      | Reached XP level 9. HP: 35/68 MP: 6/17
  7156 | D:7      | Found a shimmering blue altar of Sif Muna.
  7296 | D:7      | Reached skill level 8 in Necromancy
  8182 | D:7      | Found a staircase to the Ecumenical Temple.
  8188 | Temple   | Entered the Ecumenical Temple
  8979 | D:8      | Found an ancient bone altar of Kikubaaqudgha.
  9020 | D:8      | Became a worshipper of Kikubaaqudgha
  9326 | D:8      | Found a radiant altar of Vehumet.
  9581 | D:8      | Learned a level 4 spell: Animate Dead
  9587 | D:8      | Learned a level 5 spell: Curse of Agony
  9736 | D:9      | Found a snail-covered altar of Cheibriados.
 10320 | D:9      | Reached skill level 9 in Necromancy
 10774 | D:9      | Gained mutation: Spells you cast may paralyse nearby
                  | enemies. [demonic ancestry]
 10774 | D:9      | Reached XP level 10. HP: 52/77 MP: 20/20
 10958 | D:9      | Found a staircase to the Orcish Mines.
 11053 | D:9      | Noticed Joseph
 11125 | D:9      | Killed Joseph
 11526 | D:9      | Found a hide-covered altar of Uskayaw.
 11671 | D:10     | Entered Level 10 of the Dungeon
 11806 | D:10     | Reached * piety under Kikubaaqudgha
 11806 | D:10     | Received a gift from Kikubaaqudgha
 12139 | D:10     | Found a flagged portal.
 12140 | D:10     | Noticed a two-headed ogre
 12155 | D:10     | Killed a two-headed ogre
 12188 | Bailey   | Entered a bailey
 12193 | Bailey   | Noticed an orc warlord
 12294 | Bailey   | Noticed an orc knight
 12321 | Bailey   | Killed an orc knight
 12322 | Bailey   | Reached skill level 10 in Necromancy
 12413 | Bailey   | Found a runed translucent gate.
 12415 | Bailey   | Found a runed translucent gate.
 12416 | Bailey   | Found a runed translucent gate.
 12426 | Bailey   | Reached ** piety under Kikubaaqudgha
 12638 | Bailey   | HP: 2/80 [orc warlord/+3 battleaxe (25)]
 12639 | Bailey   | Annihilated by an orc warlord

Illustrated notes

Levels and vault maps discovered:
D:1:      dpeg_arrival_lava_temple_mockup, layout_loops_corners,
          palyth_stone_intersect
D:2:      layout_rooms
D:3:      layout_basic, nicolae_ru_great_annihilating_truth,
          kennysheep_generic_room_2, uniq_jessica, uniq_crazy_yiuf_cottage
D:4:      layout_loops_ring, gammafunk_ghost_abyssal_escape,
          minmay_misc_feat_room, minmay_quantized, uniq_sigmund
D:5:      layout_cave_pools, serial_glass, glass_columns_a, glass_columns_a,
          glass_columns_b, glass_columns_b, glass_columns_c,
          nicolae_figureground_sparkle, uniq_grinder
D:6:      layout_basic
D:7:      layout_basic, mainiacjoe_overflow_boulevard,
          mainiacjoe_overflow_six_doors_small, kennysheep_mini_moat,
          minmay_temple_entry_enclosed_plants
D:8:      layout_loops_ring, lemuel_round_altar, nicolae_vehumet_altar_sigil
D:9:      layout_long_grid, nicolae_uskayaw_dance_studio,
          mainiacjoe_overflow_chevrons, zin_treasury, erik_orc_4, uniq_joseph
D:10:     layout_cave_pools, nicolae_overflow_crystal_walls, enter_bailey_5,
          dreamdust_princess_bridge
Temple:   nicolae_temple_godzebo
Bailey:   bailey_axe_bossmonster_kennysheep, bailey

Skill      XL: |  1  2  3  4  5  6  7  8  9 10 |
---------------+-------------------------------+-----
Stealth        | 2 3 |  3.0
Dodging        | 2 3 4 5 6 7 |  7.8
Necromancy     | 5 6 7 9 10 | 10.2
Spellcasting   | 3 4 5 6 7 |  7.9
Fighting       | 1 2 3 5 6 7 |  7.8

Action                     |  1- 3 |  4- 6 |  7- 9 | 10-12 || total
---------------------------+-------+-------+-------+-------++-------
  Melee: Whip              |     7 |       |       |       ||     7
         Dagger            |     3 |       |       |       ||     3
         Hand axe          |       |    20 |    95 |    44 ||   159
         Touch             |       |     2 |    16 |     7 ||    25
         Tailslap          |       |     1 |    11 |     5 ||    17
         Punch             |       |       |     2 |       ||     2
   Cast: Necrotise         |    61 |    65 |    78 |    43 ||   247
         Vampiric Draining |       |     7 |    81 |    56 ||   144
         Curse of Agony    |       |       |       |     3 ||     3
         Animate Dead      |       |       |       |     1 ||     1
    Use: Scroll            |       |       |     1 |       ||     1
   Stab: Paralysed         |     3 |     2 |    24 |    30 ||    59
 Armour: Robe              |    19 |    17 |   133 |    68 ||   237
  Dodge: Dodged            |    16 |    15 |   170 |    61 ||   262
